 Dungeon Crawl Stone Soup version 0.23.2-30-g0e89c35649 (webtiles) character file.

Game seed: 16869746471461246372

2216 Allundros the Fighter (level 9, -3/96 (97) HPs)
             Began as an Ogre Berserker on June 10, 2019.
             Was a Priest of Trog.
             Killed from afar by an orc wizard (6 damage)
             ... with a puff of frost
             ... on level 8 of the Dungeon on June 11, 2019.
             The game lasted 00:29:11 (7856 turns).

Allundros the Fighter (Ogre Berserker)              Turns: 7856, Time: 00:29:11

HP:   -3/96 (97)    AC:  2    Str: 26    XL:     9   Next: 35%
MP:   0/9           EV: 11    Int:  8    God:    Trog [***...]
Gold: 228           SH:  0    Dex:  8    Spells: 8/8 levels left

rFire    . . .     SeeInvis .   M - +2 flail (drain)
rCold    . . .     Gourm    .   (no shield)
rNeg     . . .     Faith    .   T - -1 robe (curse)
rPois    .         Spirit   +   (helmet restricted)
rElec    .         Reflect  .   (no cloak)
rCorr    .         Harm     .   (gloves unavailable)
MR       .....                  (boots unavailable)
Stlth    ++........             p - amulet of guardian spirit
HPRegen  0.26/turn              (no ring)
MPRegen  0.11/turn              (no ring)

@: berserk cooldown
A: large, unfitting armour, tough skin 1
a: Berserk, Trog's Hand, Renounce Religion


You were on level 8 of the Dungeon.
You worshipped Trog.
Trog was most pleased with you.
You were not hungry.

You visited 1 branch of the dungeon, and saw 7 of its levels.

You collected 228 gold pieces.

Inventory:

Hand Weapons
 a - a +0 mace
 g - a +0 club
 i - a cursed -2 dagger
 j - a cursed -2 dagger
 k - a +0 club
 l - a +0 dagger
 m - a +0 club
 o - a +0 hunting sling
 q - a +0 club
 u - a +0 club
 v - a +0 quarterstaff
 y - a +0 club
 G - a +0 flail
 M - a +2 flail of draining (weapon)
 Q - a +0 giant club
 U - a +0 halberd
 V - a +0 halberd
 W - a +0 giant spiked club
Missiles
 d - 155 stones (quivered)
 e - 20 poisoned needles
 h - 45 arrows
 A - 31 bolts
 J - 11 tomahawks
Armour
 b - a +0 animal skin
 f - a +0 chain mail
 x - a +0 ring mail
 z - a +0 leather armour
 C - a +0 chain mail
 O - a +1 scale mail of fire resistance
 T - a cursed -1 robe (worn)
Jewellery
 p - an amulet of guardian spirit (around neck)
 F - an uncursed amulet of harm {unknown}
 L - a +3 ring of dexterity
 X - a +3 ring of evasion {unknown}
Wands
 K - a wand of random effects (10)
Scrolls
 r - 3 scrolls of fog {unknown}
 s - 2 scrolls of teleportation {unknown}
 D - a scroll of immolation {unknown}
 E - 3 scrolls of amnesia {unknown}
 I - a scroll of enchant armour {unknown}
 S - a scroll of identify
Potions
 n - 3 potions of brilliance
 t - 2 potions of berserk rage {unknown}
 w - 2 potions of might {unknown}
 B - a potion of lignification
 H - a potion of curing {unknown}
 P - a potion of flight {unknown}
 R - a potion of ambrosia {unknown}
Comestibles
 c - 6 rations
 N - 2 chunks of flesh


   Skills:
 + Level 8.6 Fighting
 + Level 8.4 Maces & Flails
 + Level 5.6 Dodging
 + Level 2.3 Stealth


You had 8 spell levels left.
You didn't know any spells.
Your spell library was empty.

Dungeon Overview and Level Annotations

Branches:
Dungeon (8/15)
 Temple: D:4-7         Lair: D:8-11

Altars:
Cheibriados
Elyvilon
Fedhas
Okawaru
Qazlal
Ru
Wu Jian
The Shining One

Annotations:
D:3 Crazy Yiuf


Innate Abilities, Weirdness & Mutations

You are too large for most types of armour.
You have tough skin. (AC +1)


Message History

You feel yourself speed up. Something hits you.
* * * LOW HITPOINT WARNING * * *
A magic dart appears from out of thin air!
The magic dart hits you!
* * * LOW HITPOINT WARNING * * *
You hear some strange, mumbled words.
You hear some strange, mumbled words.
A puff of frost appears from out of thin air!
The puff of frost hits you!
* * * LOW HITPOINT WARNING * * *
A wight comes into view. It is wielding a +3 great sword.
The wight barely misses you.
A magic dart appears from out of thin air!
The magic dart hits you.
* * * LOW HITPOINT WARNING * * *
The wight hits you but does no damage.
A puff of frost appears from out of thin air!
The puff of frost hits you!
You die...

###.......#########
#.........))......#
#.#.......#######[#
.########.#.......# #.#
.....z....z.......# #.#
#......#.....##.# #.#
###[###....###z##.# #.###### ..
#.#.####.##.## #.##...#
###.###)#.z.....@..## ##......#
........#.####.###..####...#...#
##.#..#.#....{.............##.##
#............####.####..##.#
.....##.#.......##.....##.###.#
................#......)#.###.#
##.####.##.###..#.......#..##.#
#. #.##.# #......_.........# #.
#.##.# #..#.......#.###.#


You could see a wight.

Vanquished Creatures
  Prince Ribbit (D:7)
  Edmund (D:6)
  An orc warrior (D:7)
  A necrophage (D:7)
  2 ogres (D:7)
  A big kobold (D:8)
  5 bullfrogs
  A scorpion (D:8)
  8 killer bees
  A howler monkey (D:6)
  2 crimson imps
  5 orc wizards
  3 hounds
  3 orc priests
  A jelly (D:8)
  Terence (D:3)
  An iguana (D:7)
  4 worker ants
  4 adders
  4 gnolls (D:7)
  An ooze (D:1)
  An adder skeleton (D:6)
  5 worms
  3 dart slugs
  5 leopard geckos
  6 orcs
  4 giant cockroaches
  5 goblins
  5 hobgoblins
  8 jackals
  4 quokkas
  11 bats
  3 frilled lizards
  6 kobolds
  8 rats
125 creatures vanquished.

Notes
Turn   | Place    | Note
-------+----------+-------------------------------------------
     0 | D:1      | Allundros the Ogre Berserker began the quest for the Orb.
     0 | D:1      | Reached XP level 1. HP: 24/24 MP: 1/1
   127 | D:1      | Reached XP level 2. HP: 31/32 MP: 2/2
   553 | D:1      | Reached XP level 3. HP: 39/40 MP: 3/3
   622 | D:1      | Reached ** piety under Trog
  1245 | D:2      | Reached XP level 4. HP: 22/49 MP: 1/4
  2288 | D:2      | Found a sacrificial altar of Ru.
  2767 | D:3      | Reached XP level 5. HP: 40/55 MP: 5/5
  2899 | D:3      | Found a blossoming altar of Fedhas.
  2901 | D:3      | Noticed Terence
  2921 | D:3      | Killed Terence
  2921 | D:3      | Reached skill level 5 in Fighting
  3145 | D:3      | Found a runed translucent door.
  3146 | D:3      | Noticed Crazy Yiuf
  3162 | D:3      | Found a stormy altar of Qazlal.
  3516 | D:4      | You fall through a shaft for 2 floors!
  3878 | D:6      | Reached XP level 6. HP: 54/66 MP: 3/6
  4074 | D:6      | Found an ornate altar of the Wu Jian Council.
  4096 | D:6      | Noticed Edmund
  4109 | D:6      | Killed Edmund
  4109 | D:6      | Reached skill level 5 in Maces & Flails
  4109 | D:6      | Reached skill level 1 in Stealth
  4375 | D:6      | Reached XP level 7. HP: 42/74 MP: 7/7
  4442 | D:6      | Reached *** piety under Trog
  4659 | D:6      | Found an iron altar of Okawaru.
  4862 | D:6      | Found a snail-covered altar of Cheibriados.
  4993 | D:7      | Found a white marble altar of Elyvilon.
  5094 | D:7      | Reached XP level 8. HP: 82/84 MP: 4/8
  6266 | D:7      | Noticed Prince Ribbit
  6278 | D:7      | Killed Prince Ribbit
  6278 | D:7      | Reached skill level 5 in Dodging
  6936 | D:8      | Reached XP level 9. HP: 95/95 MP: 6/9
  6954 | D:8      | Identified a scroll of acquirement
  7489 | D:8      | Found a glowing golden altar of the Shining One.
  7855 | D:8      | HP: 3/96 [something/magic dart (5)]
  7856 | D:8      | Killed from afar by an orc wizard

Skill      XL: |  1  2  3  4  5  6  7  8  9 |
---------------+----------------------------+-----
Dodging        | 3 4 5 |  5.6
Maces & Flails | 3 4 5 6 7 8 |  8.4
Fighting       | 5 6 8 |  8.6
Stealth        | 1 2 |  2.3

Action                   |  1- 3 |  4- 6 |  7- 9 || total
-------------------------+-------+-------+-------++-------
Melee: Mace              |    91 |    89 |       ||   180
       Flail             |       |    66 |   190 ||   256
Throw: Stone             |       |     1 |       ||     1
Invok: Berserk           |     1 |     3 |     5 ||     9
       Trog's Hand       |       |       |     1 ||     1
  Use: Scroll            |     1 |     1 |     1 ||     3
  Eat: Chunk             |     1 |    10 |    13 ||    24
       Ration            |       |     1 |     1 ||     2
Armor: Animal skin       |    36 |    18 |     1 ||    55
       Robe              |       |       |    20 ||    20
Dodge: Dodged            |    79 |    76 |   111 ||   266
